 Dungeon Crawl Stone Soup version 0.26.1-2-gb8aa6d0cf2 (webtiles) character file.

Game seed: 7143471299900169256

7585 Gadfly the Commander (level 11, -3/105 HPs)
             Began as an Ogre Monk on Feb 14, 2021.
             Was a High Priest of Okawaru.
             Slain by an orc warrior
             ... wielding a +0 halberd
              (22 damage)
             ... in a bailey.
             The game lasted 00:24:03 (14961 turns).

Gadfly the Commander (Ogre Monk)                   Turns: 14961, Time: 00:24:04

Health: -3/105     AC:  9    Str: 31    XL:     11   Next: 17%
Magic:  17/17      EV: 10    Int: 11    God:    Okawaru [*****.]
Gold:   1376       SH:  0    Dex: 13    Spells: 9/10 levels left

rFire    . . .     SeeInvis +   b - +3 quarterstaff of Eternal Night {venom, Str+6 Dex-2}
rCold    x . .     Faith    +   (shield currently unavailable)
rNeg     . . .     Spirit   .   p - +4 robe of the Apprentice {Rampage rC- Str+2 Slay+5}
rPois    +         Reflect  .   J - +1 hat of Cazxae {*Contam Str+3 Dex+4}
rElec    .         Harm     .   H - +0 cloak
rCorr    .         Rampage  +   (gloves unavailable)
Will     +....                  (boots unavailable)
Stlth    +.........             i - amulet of faith
HPRegen  0.27/turn              q - ring of see invisible
MPRegen  0.15/turn              D - ring of poison resistance

@: confused
A: large, unfitting armour, tough skin 1
a: Renounce Religion, Heroism, Finesse


You were in a bailey.
You worshipped Okawaru.
Okawaru was extremely pleased with you.
You visited 2 branches of the dungeon, and saw 11 of its levels.
You also visited: Bailey.

You collected 1451 gold pieces.
You spent 75 gold pieces at shops.

Inventory:

Hand Weapons
 a - a +1 mace of draining
 b - the +3 quarterstaff of Eternal Night (weapon) {venom, Str+6 Dex-2}
   (You found it on level 4 of the Dungeon)

   It poisons the flesh of those it strikes.
   It affects your strength (+6).
   It affects your dexterity (-2).
 c - a +2 hand axe of flaming
 u - a +0 flail
Missiles
 j - 11 javelins
 m - 14 boomerangs (quivered)
 n - 5 large rocks
 x - 6 silver javelins
Armour
 p - the +4 robe of the Apprentice (worn) {Rampage rC- Str+2 Slay+5}
   (You found it on level 5 of the Dungeon)

   It affects your strength (+2).
   It affects your accuracy and damage with ranged weapons and melee attacks
   (+5).
   It makes you vulnerable to cold.
   It bestows one free step when moving towards enemies.
 H - a +0 cloak (worn)
 J - the +1 hat of Cazxae (worn) {*Contam Str+3 Dex+4}
   (You found it on level 9 of the Dungeon)

   It affects your strength (+3).
   It affects your dexterity (+4).
   It causes magical contamination when unequipped.
Jewellery
 i - an amulet of faith (around neck)
 q - a ring of see invisible (left hand)
 s - an uncursed amulet of reflection
 y - an uncursed amulet of guardian spirit
 D - a ring of poison resistance (right hand)
 K - an uncursed ring of ice
Wands
 v - a wand of iceblast (6)
 w - a wand of acid (12)
 E - a wand of paralysis (3)
 F - a wand of polymorph (9)
Scrolls
 f - 5 scrolls of teleportation
 g - 2 scrolls of identify
 k - 4 scrolls of enchant armour
 o - 4 scrolls of remove curse
 r - 3 scrolls of enchant weapon
 t - 3 scrolls of blinking
 L - a scroll of fear {unknown}
Potions
 e - 2 potions of curing
 h - a potion of resistance
 l - 2 potions of flight
 z - a potion of berserk rage
 A - 2 potions of cancellation
 C - 2 potions of haste
 I - 2 potions of lignification
Miscellaneous
 B - a tin of tremorstones (2/2)
 G - a phantom mirror


   Skills:
 + Level 5.7 Fighting
 * Level 6.8 Maces & Flails
 + Level 7.6 Throwing
 + Level 6.2 Armour
 - Level 2.6 Dodging
 - Level 1.4 Stealth
 + Level 8.2 Invocations
 + Level 6.2 Evocations


You had 9 spell levels left.
You knew the following spells:

 Your Spells              Type           Power        Failure   Level
a - Summon Small Mammal   Summ           0%           34%         1

Your spell library contained the following spells:

 Spells                   Type           Power        Failure   Level
 Corona                   Hex            0%           34%         1
 Call Imp                 Summ           0%           47%         2
 Corpse Rot               Necr/Air       N/A          47%         2
 Ensorcelled Hibernation  Hex/Ice        0%           47%         2
 Call Canine Familiar     Summ           0%           71%         3
 Confusing Touch          Hex            0%           71%         3
 Dazzling Flash           Conj/Hex       0%           71%         3
 Stone Arrow              Conj/Erth      0%           71%         3
 Summon Guardian Golem    Hex/Summ       0%           71%         3
 Tukima's Dance           Hex            0%           71%         3
 Summon Ice Beast         Ice/Summ       0%           98%         4
 Summon Lightning Spire   Summ/Air       0%           98%         4
 Summon Forest            Summ/Tloc      0%           100%        5
 Eringya's Noxious Bog    Tmut/Pois      0%           100%        6
 Hydra Form               Tmut           0%           100%        6
 Summon Hydra             Summ           0%           100%        7


Dungeon Overview and Level Annotations

Branches:
Dungeon (10/15)            Temple (1/1) D:4            Lair (0/6) D:10
 Bailey (1/1)
    Orc: D:9-12

Altars:
Ashenzari
Cheibriados
Dithmenos
Elyvilon
Fedhas
Gozag
Hepliaklqana
Kikubaaqudgha
Makhleb
Nemelex Xobeh
Okawaru
Qazlal
Ru
Sif Muna
Trog
Uskayaw
Vehumet
Wu Jian
Xom
Yredelemnul
Zin
The Shining One

Shops:
D:6 ?

Annotations:
D:10 Fannar


Innate Abilities, Weirdness & Mutations

You are too large for most types of armour.
You have tough skin. (AC +1)


Message History

You throw a boomerang.
The boomerang closely misses the orc warrior.
Throw: 14 boomerangs
Press: ? - help, Q - select action, (/) - cycle Shift-Dir - straight line, f - orc warrior, p - orc warrior
Aim: an orc warrior, wielding a +0 halberd and wearing a +0 chain mail (moderately wounded, very poisoned, 65% to hit)
You throw a boomerang.
The boomerang completely misses the orc warrior.
The boomerang barely misses the orc warrior.
Aiming: Paralyse
Press: ? - help, Shift-Dir - straight line, f/p - orc warrior
Aim: an orc warrior, wielding a +0 halberd and wearing a +0 chain mail (moderately wounded, very poisoned, chance to affect: 64%)
The orc warrior suddenly stops moving!
You are a level 11 Ogre Monk.
You are 17% of the way to level 12.
Play time: 00:24:01 (14960 turns).
Zot will find you in 5480 turns if you stay in this branch and explore no new floors.
Unknown command.
You are confused.
You feel invigorated.
The orc warrior hits you from afar with a +0 halberd!!
You die...

## ### ##
.###########∩###########.##
..##.....##.((##.....##..(#
..#..≈≈≈..#).(#..≈≈≈..#..?#
..#.≈≈.≈≈))...).≈≈.≈≈.#o.(#
..'.≈.∩)≈.......≈)∩.≈.')..#
..#.≈≈.≈≈.......≈≈.≈≈.#...#
..#..≈≈≈..#...#.@≈≈≈..#..(#
..##.....##...##..o..##..$#
.###########∩###########.##
## ### ##


You could see 2 orc warriors.

Vanquished Creatures
  3 two-headed ogres (D:9)
  A centaur warrior (D:10)
  A shadow (D:9)
  A basilisk (D:9)
  A wyvern (D:7)
  An acid dragon (D:9)
  A water moccasin (D:6)
  A black bear (D:10)
  A hornet zombie (D:9)
  5 ice beasts
  7 orc warriors (Bailey)
  5 sky beasts
  An ogre (D:7)
  4 centaurs
  A big kobold (D:9)
  7 bullfrogs
  A water moccasin zombie (D:9)
  A wyvern skeleton (D:8)
  3 scorpions (D:5)
  4 wights
  3 hounds
  2 bullfrog zombies
  2 bullfrog skeletons (D:7)
  8 orc priests
  5 jellies
  3 iguanas
  9 orc wizards
  2 worker ants
  A hound skeleton (D:7)
  Robin (D:4)
  A howler monkey zombie (D:6)
  5 adders
  4 white imps
  An ooze (D:1)
  2 ufetubi
  2 adder zombies
  3 adder skeletons
  3 worms (D:3)
  5 dart slugs (D:1)
  6 leopard geckos
  56 orcs
  9 giant cockroaches
  22 goblins
  6 hobgoblins
  16 jackals
  5 quokkas
  3 ball pythons
  8 bats
  2 frilled lizards
  9 kobolds
  A quokka skeleton (D:6)
  4 rats (D:1)
259 creatures vanquished.

Vanquished Creatures (others)
  15 plants
15 creatures vanquished.

Grand Total: 274 creatures vanquished

Notes
Turn   | Place    | Note
-------+----------+-------------------------------------------
     0 | D:1      | Gadfly the Ogre Monk began the quest for the Orb.
     0 | D:1      | Reached XP level 1. HP: 24/24 MP: 1/1
   211 | D:1      | Reached XP level 2. HP: 12/32 MP: 2/2
   627 | D:1      | Reached skill level 1 in Invocations
   627 | D:1      | Reached XP level 3. HP: 30/39 MP: 3/3
   631 | D:1      | Reached skill level 1 in Throwing
  1294 | D:1      | Reached skill level 1 in Armour
  1738 | D:2      | Reached XP level 4. HP: 48/48 MP: 5/5
  2555 | D:3      | Reached skill level 1 in Evocations
  3126 | D:3      | Reached skill level 2 in Invocations
  3477 | D:3      | Reached XP level 5. HP: 54/54 MP: 6/6
  4310 | D:4      | Noticed a +0 hand axe
  4310 | D:4      | Noticed a +0 dagger
  4310 | D:4      | Noticed Robin
  4718 | D:4      | Killed Robin
  4719 | D:4      | Found a hide-covered altar of Uskayaw.
  4933 | D:3      | Reached XP level 6. HP: 47/62 MP: 7/7
  5057 | D:4      | Got a twisted quarterstaff
  5058 | D:4      | Identified the cursed +3 quarterstaff of Eternal Night
                  | {venom, Str+6 Dex-2} (You found it on level 4 of the
                  | Dungeon)
  5192 | D:4      | Found a staircase to the Ecumenical Temple.
  5202 | Temple   | Entered the Ecumenical Temple
  5216 | Temple   | Became a worshipper of Warmaster Okawaru
  5216 | Temple   | Reached * piety under Okawaru
  5216 | Temple   | Reached ** piety under Okawaru
  5794 | D:4      | Found a stormy altar of Qazlal.
  5854 | D:4      | Found a white marble altar of Elyvilon.
  6091 | D:5      | Entered Level 5 of the Dungeon
  6099 | D:5      | Reached skill level 3 in Invocations
  6401 | D:5      | Reached XP level 7. HP: 36/70 MP: 9/9
  6994 | D:5      | Reached *** piety under Okawaru
  7302 | D:5      | Found a glowing silver altar of Zin.
  7307 | D:5      | Found a sacrificial altar of Ru.
  7342 | D:5      | Got a shadowed robe
  7353 | D:5      | Identified the +4 robe of the Apprentice {Rampage rC- Str+2
                  | Slay+5} (You found it on level 5 of the Dungeon)
  7452 | D:5      | Reached skill level 4 in Invocations
  7534 | D:5      | Reached XP level 8. HP: 78/78 MP: 11/11
  7543 | D:5      | Received a gift from Okawaru
  8166 | D:6      | Reached skill level 5 in Invocations
  8485 | D:6      | Reached skill level 5 in Throwing
  8503 | D:6      | Reached **** piety under Okawaru
  8721 | D:6      | Found Cuiwk's Magic Scroll Shoppe.
  8728 | D:6      | Bought a scroll of enchant weapon for 75 gold pieces
  8785 | D:6      | Reached XP level 9. HP: 67/84 MP: 13/13
  9816 | D:7      | Found a bloodstained altar of Trog.
  9949 | D:8      | Reached skill level 6 in Invocations
 10248 | D:8      | Found a snail-covered altar of Cheibriados.
 10551 | D:8      | Found a shimmering blue altar of Sif Muna.
 10713 | D:8      | Learned a level 1 spell: Summon Small Mammal
 11206 | D:9      | Noticed a two-headed ogre
 11236 | D:9      | Killed a two-headed ogre
 11236 | D:9      | Received a gift from Okawaru
 11236 | D:9      | Reached ***** piety under Okawaru
 11236 | D:9      | Received a gift from Okawaru
 11236 | D:9      | Received a gift from Okawaru
 11237 | D:9      | Reached skill level 5 in Maces & Flails
 11237 | D:9      | Reached skill level 5 in Armour
 11237 | D:9      | Reached skill level 7 in Invocations
 11237 | D:9      | Reached skill level 5 in Evocations
 11237 | D:9      | Reached XP level 10. HP: 16/92 MP: 13/15
 11803 | D:9      | Noticed a two-headed ogre
 11851 | D:9      | Killed a two-headed ogre
 11855 | D:9      | Received a gift from Okawaru
 12200 | D:9      | Found an ornate altar of the Wu Jian Council.
 12340 | D:9      | Got a fine halberd
 12340 | D:9      | Got a transparent halberd
 12345 | D:9      | Identified the +1 halberd "Efuhax" {speed, *Rage rF+ Int+8
                  | SInv} (You found it on level 9 of the Dungeon)
 12346 | D:9      | Identified the +5 halberd of the Common Good {freeze,
                  | *Noise +Blink Int+9 Stlth-} (You found it on level 9 of the
                  | Dungeon)
 13161 | D:9      | Received a gift from Okawaru
 13461 | D:9      | Noticed a two-headed ogre
 13465 | D:9      | Killed a two-headed ogre
 13605 | D:9      | Got a faintly humming hat
 13612 | D:9      | Identified the +1 hat of Cazxae {*Contam Str+3 Dex+4} (You
                  | found it on level 9 of the Dungeon)
 13791 | D:9      | Received a gift from Okawaru
 13869 | D:9      | Got an encrusted scimitar {god gift}
 13870 | D:9      | Identified the +5 scimitar "Conahunu" {drain, Dex+3}
                  | (Okawaru gifted it to you on level 9 of the Dungeon)
 14081 | D:10     | Entered Level 10 of the Dungeon
 14082 | D:10     | Found a staircase to the Lair.
 14082 | D:10     | Noticed Fannar
 14082 | D:10     | Noticed an elephant
 14097 | D:9      | Reached skill level 5 in Fighting
 14288 | D:10     | Noticed a centaur warrior
 14305 | D:10     | Killed a centaur warrior
 14306 | D:10     | Reached skill level 8 in Invocations
 14306 | D:10     | Reached XP level 11. HP: 60/104 MP: 15/17
 14415 | D:10     | Found a flagged portal.
 14439 | Bailey   | Entered a bailey
 14961 | Bailey   | Slain by an orc warrior

Illustrated notes

Levels and vault maps discovered:
D:1:      nagdon_arrival_zigzag_paths, layout_basic
D:2:      layout_loops_cross
D:3:      layout_basic, chequers_big_river
D:4:      layout_rooms, dancing_weapons_uskayaw, lemuel_round_altar,
          minmay_temple_entry_mini_moons, lemuel_altar_in_water, uniq_robin
D:5:      layout_basic, nicolae_overflow_hidden_temple,
          minmay_misc_feat_nine_boxes
D:6:      layout_cave_pools, serial_shops, shop_scrolls
D:7:      layout_cave_pools, trog_three_pillars_becter
D:8:      layout_loops_ring, nicolae_overflow_crystal_walls,
          lemuel_crystal_altar
D:9:      minmay_the_grid_4x2 [minmay_the_grid_dragon_b,
          minmay_the_grid_minigrid_medium, minmay_the_grid_diamond_grid,
          minmay_the_grid_stretched_grid, minmay_the_grid_tree,
          minmay_the_grid_spikes, minmay_the_grid_embedded,
          minmay_the_grid_prize_shrinking_boxes], layout_cave_pools,
          pdpol_wu_jian_five_deadly_venoms
D:10:     layout_loops_ring, david_lair_generic, enter_bailey_5,
          nicolae_gozag_cash_rules_everything_around_me, uniq_fannar,
          uniq_nergalle
Temple:   minmay_freezing_vapour_temple
Bailey:   bailey_polearm_4, bailey

Skill      XL: |  1  2  3  4  5  6  7  8  9 10 |
---------------+-------------------------------+-----
Invocations    | 1 2 3 4 5 7 8 |  8.2
Throwing       | 1 2 3 4 5 6 7 |  7.6
Armour         | 1 2 3 4 5 6 |  6.2
Maces & Flails | 3 4 5 6 |  6.8
Evocations     | 1 2 3 4 5 6 |  6.2
Fighting       | 5 |  5.7
Dodging        | |  2.6
Stealth        | |  1.4

Action                   |  1- 3 |  4- 6 |  7- 9 | 10-12 || total
-------------------------+-------+-------+-------+-------++-------
Melee: Mace              |   110 |    68 |       |     2 ||   180
       Dagger            |       |   204 |       |       ||   204
       Quarterstaff      |       |    66 |   232 |   122 ||   420
Throw: Stone             |       |    18 |       |       ||    18
       Boomerang         |       |       |       |    51 ||    51
       Large rock        |       |       |       |     3 ||     3
       Javelin           |       |       |       |     1 ||     1
Invok: Heroism           |       |       |     1 |       ||     1
Evoke: Wand              |       |       |       |     5 ||     5
  Use: Scroll            |     4 |     7 |    10 |     7 ||    28
       Potion            |       |       |     4 |     3 ||     7
 Stab: Sleeping          |     3 |     3 |     3 |       ||     9
       Distracted        |       |       |       |     1 ||     1
Armor: Robe              |    35 |   126 |    71 |    37 ||   269
       Skin              |       |       |     8 |       ||     8
Dodge: Dodged            |    88 |   224 |   118 |    77 ||   507
